 Dungeon Crawl Stone Soup version 0.31-a0-1570-g93c622d222 (webtiles) character file.

Game seed: 9084869831979850852

126 pokeman the Magician (level 4, 0/25 HPs)
             Began as a Deep Elf Hedge Wizard on Jan 4, 2024.
             Slain by a hound zombie (2 damage)
             ... on level 4 of the Dungeon.
             The game lasted 00:05:09 (3110 turns).

pokeman the Magician (Deep Elf Hedge Wizard)        Turns: 3110, Time: 00:05:10

Health: 0/25       AC:  2    Str:  7    XL:     4   Next: 84%
Magic:  4/14       EV: 12    Int: 27    God:
Gold:   144        SH:  0    Dex: 14    Spells: 7/15 levels left

rFire   . . .        j - +0 dagger (speed)
rCold   + . .        (no shield)
rNeg    . . .        b - +0 robe
rPois   .            c - +0 hat
rElec   .            (no cloak)
rCorr   .            (no gloves)
SInv    .            (no boots)
Will    .....        (no amulet)
Stlth   ++           i - ring of protection from cold
HPRegen 0.24/turn    t - +6 ring of intelligence
MPRegen 0.14/turn

%: no passive effects
@: no status effects
A: no striking features
a: no special abilities


You were on level 4 of the Dungeon.
You visited 1 branch of the dungeon, and saw 4 of its levels.

You collected 144 gold pieces.

Inventory:

Hand Weapons
 j - a +0 dagger of speed (weapon)
Armour
 b - a +0 robe (worn)
 c - a +0 hat (worn)
 v - a +1 helmet
Jewellery
 i - a ring of protection from cold (left hand)
 t - a +6 ring of intelligence (right hand)
 u - a +6 ring of strength
Wands
 s - a wand of paralysis (6)
Scrolls
 a - a scroll of teleportation {unknown}
 e - 3 scrolls of enchant weapon {unknown}
 f - 2 scrolls of fear {unknown}
 g - 4 scrolls of identify {unknown}
 h - 5 scrolls of blinking {unknown}
 k - a scroll of fog {unknown}
 l - a scroll of poison {unknown}
Potions
 d - a potion of magic
 m - a potion of attraction {unknown}
 n - 2 potions of might {unknown}
 o - a potion of mutation {unknown}
 p - a potion of resistance {unknown}
 q - a potion of invisibility {unknown}
 r - a potion of ambrosia {unknown}


   Skills:
 - Level 1.0 Fighting
 - Level 1.0 Armour
 + Level 2.8 Dodging
 + Level 2.9 Stealth
 * Level 6.0 Spellcasting
 + Level 2.4 Conjurations
 - Level 1.1 Summonings
 - Level 1.1 Translocations


You had 7 spell levels left.
You knew the following spells:

 Your Spells              Type           Power      Damage    Failure   Level
a - Magic Dart            Conj           84%        1d7       2%          1
b - Mephitic Cloud        Conj/Alch/Air  12%        N/A       14%         3
c - Call Imp              Summ           28%        N/A       6%          2
d - Blink                 Tloc           28%        N/A       6%          2

Your spell library contained the following spells:

 Spells                   Type           Power      Damage    Failure   Level
 Slow                     Hex            32%        N/A       6%          1
 Lesser Beckoning         Tloc           28%        N/A       6%          2
 Cigotuvi's Dreadful Rot  Necr/Alch/Air  16%        N/A       10%         2
 Gell's Gravitas          Tloc           14%        N/A       12%         3
 Teleport Other           Tloc           14%        N/A       12%         3


Dungeon Overview and Level Annotations

Branches:
Dungeon (4/15)
 Temple: D:4-7

Altars:

Portals:
Ossuary: D:4


Message History

The hound skeleton closely misses you.
You hit the hound skeleton.
The hound skeleton is heavily damaged.
The hound skeleton closely misses you.
You hit the hound skeleton.
The hound skeleton is heavily damaged.
The hound skeleton bites you.
* * * LOW HITPOINT WARNING * * *
The hound skeleton bites you but does no damage.
The hound skeleton barely misses you. x2
Casting: Mephitic Cloud (quite dangerous; 14% risk of failure)
Confirm with . or Enter, or press ? or * to list all spells.
A tiny devil pulls itself out of the air.
The hound skeleton barely misses you.
Unknown command.
You completely miss the hound skeleton.
The hound skeleton is heavily damaged.
The hound skeleton bites you.
* * * LOW HITPOINT WARNING * * *
Unknown command.
You open the door.
Your cerulean imp hits the hound skeleton with a -3 spear.
The hound skeleton misses you.
Your cerulean imp hits the hound skeleton from afar with a -3 spear.
There is an open door here.
You hit the hound skeleton.
The hound skeleton is almost destroyed.
The hound skeleton bites you but does no damage.
Your cerulean imp hits the hound skeleton from afar with a -3 spear.
The hound skeleton is destroyed!
Your Spellcasting skill increases to level 6!
An orc comes into view. It is wielding a +0 short sword.
Your cerulean imp hits the hound zombie from afar with a -3 spear.
The hound zombie bites you.
* * * LOW HITPOINT WARNING * * *
Your cerulean imp hits the hound zombie but does no damage.
The hound zombie bites you.
* * * LOW HITPOINT WARNING * * *
The hound zombie bites you.
You die...

.# .....# #
##.####.....#
#.##....#......#
#..#...........###.
............o......
..................
.......<.........
..............#
.........@....#
.........Z.5.##
.......#'#'#..#
.......#.#.#..#
.#...#####.###.#
..... ..# ^# ....
∩.# # #.. ...# #.#
####


You could see an orc, a hound zombie (ally target) and a friendly cerulean imp
(summoned).

Vanquished Creatures
  An iguana (D:4)
  A hound skeleton (D:4)
  2 adders
  An adder zombie (D:4)
  2 dart slugs
  An orc (D:3)
  2 ball pythons (D:1)
  An endoplasm (D:1)
  2 giant cockroaches
  3 goblins
  4 hobgoblins
  8 jackals
  5 kobolds
  3 quokkas (D:1)
  3 bats
  6 rats
45 creatures vanquished.

Vanquished Creatures (collateral kills)
  A hound skeleton (D:4)
1 creature vanquished.

Grand Total: 46 creatures vanquished

Notes
Turn   | Place    | Note
-------+----------+-------------------------------------------
     0 | D:1      | pokeman the Deep Elf Hedge Wizard began the quest for the
                  | Orb.
     0 | D:1      | Reached XP level 1. HP: 10/10 MP: 7/7
   385 | D:1      | Reached XP level 2. HP: 16/16 MP: 6/9
   727 | D:1      | You fall into a shaft and drop 1 floor!
   829 | D:2      | Reached skill level 5 in Spellcasting
   998 | D:2      | Reached XP level 3. HP: 20/20 MP: 6/11
  1002 | D:2      | Learned a level 3 spell: Mephitic Cloud
  1005 | D:2      | Learned a level 2 spell: Call Imp
  1008 | D:2      | Learned a level 2 spell: Blink
  1892 | D:2      | Found a faded altar of an unknown god.
  2197 | D:3      | Reached skill level 1 in Fighting
  2197 | D:3      | Reached skill level 1 in Armour
  2572 | D:3      | Reached XP level 4. HP: 25/25 MP: 8/13
  3061 | D:4      | Found a sand-covered staircase.
  3108 | D:4      | Reached skill level 6 in Spellcasting
  3109 | D:4      | HP: 1/25 [hound zombie (2)]
  3110 | D:4      | Slain by a hound zombie

Illustrated notes

Levels and vault maps discovered:
D:1:      ncdulo_smallfort, layout_loops_corners, minmay_misc_feat_tiny
D:2:      layout_basic, dreamdust_ecumenical_altar_grove
D:3:      layout_loops_cross
D:4:      layout_cave_pools, lemuel_round_altar, minmay_temple_entry_poolview,
          cheibrodos_sewer_entry_sluice, mainiacjoe_ossuary_entry_find_the_door

Skill      XL: |  1  2  3  4 |
---------------+-------------+-----
Spellcasting   | 5 6 |  6.0
Fighting       | 1 |  1.0
Armour         | 1 |  1.0
Conjurations   | 2 |  2.4
Dodging        | |  2.8
Stealth        | |  2.9
Summonings     | |  1.1
Translocations | |  1.1

Action                     |  1- 3 |  4- 6 || total
---------------------------+-------+-------++-------
  Melee: Dagger            |     6 |    31 ||    37
         Punch             |       |     1 ||     1
   Cast: Magic Dart        |   105 |    12 ||   117
         Mephitic Cloud    |       |     1 ||     1
         Call Imp          |       |     1 ||     1
   Stab: Confused          |       |     3 ||     3
 Armour: Robe              |     9 |    25 ||    34
  Dodge: Dodged            |    12 |    17 ||    29

Table legend: (Time is in decaauts)
 A = Elapsed time spent in this place.
 B = Non-inter-level travel time spent in this place.
 C = Inter-level travel time spent in this place.
 D = Time resting spent in this place.
 E = Time spent auto-exploring this place.
 F = Levels seen in this place.
 G = Mean time per level.
                   A        B        C        D        E       F      G
               +--------+--------+--------+--------+--------+-----+--------+
         Total |   3098 |   3009 |     89 |      0 |   2727 |   4 |  774.5 |
       Dungeon |   3098 |   3009 |     89 |      0 |   2727 |   4 |  774.5 |
               +--------+--------+--------+--------+--------+-----+--------+

Top non-repeatable levels by time:
     D:1: 1286 daAuts
     D:2: 897 daAuts
     D:3: 868 daAuts
     D:4: 47 daAuts
